 Dungeon Crawl Stone Soup version 0.27-a0-1359-ga2a4dfd6fd (webtiles) character file.

Game seed: 6215638000464354569

2531 dinky3 the Covert (level 9, -7/42 (43) HPs)
             Began as a Spriggan Delver on June 28, 2021.
             Was an Initiate of Cheibriados.
             Mangled by a wight (13 damage)
             ... on level 10 of the Dungeon.
             The game lasted 00:10:55 (1785 turns).

dinky3 the Covert (Spriggan Delver)                 Turns: 1785, Time: 00:10:56

HP:   -7/42 (43)    AC:  9    Str:  9    XL:     9   Next: 29%
MP:   13/13         EV: 18    Int: 15    God:    Cheibriados [......]
Gold: 278           SH:  0    Dex: 18    Spells: 2/12 levels left

rFire    . . .     SeeInvis +   f - +0 war axe (freeze)
rCold    . . .     Faith    .   (shield restricted)
rNeg     . . .     Spirit   .   e - +2 swamp dragon scales
rPois    +         Reflect  .   (helmet restricted)
rElec    .         Harm     .   (no cloak)
rCorr    .         Rampage  .   (gloves unavailable)
Will     +....                  (boots unavailable)
Stlth    +++++.....             (no amulet)
HPRegen  0.14/turn              (no ring)
MPRegen  0.13/turn              (no ring)

@: studying Translocations, lightly drained, quick
A: very small, no large weapons, unfitting armour, see invisible, speed 3
a: Renounce Religion, Bend Time


You were on level 10 of the Dungeon.
You worshipped Cheibriados.
Cheibriados was noncommittal.
You visited 2 branches of the dungeon, and saw 10 of its levels.
You also visited: Bailey.

You collected 278 gold pieces.

Inventory:

Hand Weapons
 f - a +0 war axe of freezing (weapon)
 i - a +0 dagger
Missiles
 k - 36 boomerangs (quivered)
Armour
 b - a +0 robe
 e - +2 swamp dragon scales (worn)
Jewellery
 l - a ring of see invisible
Wands
 a - a wand of iceblast (1)
 g - a wand of digging (2)
Scrolls
 c - 2 scrolls of fog
 d - a scroll of amnesia {unknown}
Potions
 m - a potion of magic


   Skills:
 - Level 2.4 Fighting
 - Level 5.2 Short Blades
 - Level 1.6 Throwing
 + Level 2.0 Armour
 + Level 6.0 Dodging
 + Level 11.9 Stealth
 - Level 2.0 Spellcasting
 - Level 2.0 Conjurations
 - Level 6.0 Transmutations
 + Level 5.1 Earth Magic


You had 2 spell levels left.
You knew the following spells:

 Your Spells              Type           Power      Damage    Failure   Level
a - Passwall              Tmut/Erth      15%        N/A       10%         2
b - Sandblast             Erth           32%        2d9       8%          1
c - Petrify               Tmut/Erth      18%        N/A       52%         4
d - Stone Arrow           Conj/Erth      24%        3d8       38%         3

Your spell library contained the following spells:

 Spells                   Type           Power      Damage    Failure   Level
 Shock                    Conj/Air       16%        1d4       36%         1
 Static Discharge         Conj/Air       4%         N/A       52%         2
 Swiftness                Air            1%         N/A       87%         3
 Lee's Rapid Deconstruct  Erth           8%         3d8*      90%         5
 Airstrike                Air            0%         N/A       99%         4
 Lightning Bolt           Conj/Air       2%         1d13      100%        5


Dungeon Overview and Level Annotations

Branches:
Dungeon (10/15)            Temple (1/1) D:6          Bailey (visited)
   Lair: D:8-11         Orc: D:9-12

Altars:
Cheibriados
Dithmenos
Elyvilon
Fedhas
Hepliaklqana
Nemelex Xobeh
Okawaru
Qazlal
Ru
Trog
Vehumet
Zin

Shops:
D:4 **   D:6 :!

Annotations:
D:3 1 runed translucent door
D:6 Eustachio, Sigmund


Innate Abilities, Weirdness & Mutations

You are very small and have problems with some larger weapons.
You are too small for most types of armour.
You have supernaturally acute eyesight. (SInv)
You cover ground extremely quickly. (Speed+++)


Message History

You barely miss the wight.
The wight is moderately damaged.
The wight barely misses you. The wight completely misses you.
You hit the wight.
The wight is heavily damaged.
The wight closely misses you.
You closely miss the wight.
The wight is heavily damaged.
The wight barely misses you. The wight closely misses you.
You hit the wight.
The wight is heavily damaged.
The wight closely misses you.
You barely miss the wight.
The wight is heavily damaged.
The wight closely misses you. The wight misses you.
You slash the wight!
You destroy the wight!
Things that are here:
a +0 flail; a +0 robe
Things that are here:
a +0 flail; a +0 robe
Okay, then.
Things that are here:
a +0 flail; a +0 robe
Things that are here:
a +0 flail; a +0 robe You closely miss the wight.
The wight hits you with a +3 morningstar of freezing.
The wight freezes you.
You barely miss the wight.
The wight hits you with a +3 morningstar of freezing!
The wight freezes you.
* * * LOW HITPOINT WARNING * * *
The wight hits you with a +3 morningstar of freezing.
* * * LOW HITPOINT WARNING * * *
The wight freezes you.
* * * LOW HITPOINT WARNING * * *
You hit the wight but do no damage.
The wight hits you with a +3 morningstar of freezing!
You die...

###.# #.... #.#.# ####
...# .....#zz# #.z..#
#.# #.######### ##
#.zzz@....######## #.
#########........####.
########...... #######


You could see 3 wights.

Vanquished Creatures
  A two-headed ogre (D:10)
  Maurice (D:9)
  Maggie (D:6)
  3 yaks (D:10)
  A water moccasin (D:6)
  2 orc warriors
  A centaur (D:9)
  An ogre (D:9)
  A kobold brigand (D:10)
  A gnoll sergeant (D:9)
  3 scorpions
  A wight (D:10)
  2 orc priests
  2 iguanas
  10 gnolls
  A dart slug (D:5)
  6 orcs
  3 ball pythons
  An endoplasm (D:4)
  3 goblins
  7 hobgoblins
  A jackal (D:4)
  10 kobolds
63 creatures vanquished.

Vanquished Creatures (collateral kills)
  An orc priest (D:10)
  4 orcs (D:10)
  A hobgoblin (D:9)
  A kobold (D:9)
7 creatures vanquished.

Vanquished Creatures (others)
  A kobold brigand (D:9)
  A centaur skeleton (D:7)
2 creatures vanquished.

Grand Total: 72 creatures vanquished

Notes
Turn   | Place    | Note
-------+----------+-------------------------------------------
     0 | D:5      | dinky3 the Spriggan Delver began the quest for the Orb.
     0 | D:5      | Reached XP level 1. HP: 11/11 MP: 2/2
    29 | D:5      | Found a white marble altar of Elyvilon.
    44 | D:5      | Noticed a water moccasin
   164 | D:4      | Found Pomuph's General Store.
   168 | D:4      | Found Ygarph's Specific Store.
   204 | D:3      | Noticed a bullfrog
   207 | D:3      | Found a runed translucent door.
   217 | D:3      | Reached XP level 2. HP: 6/16 MP: 3/3
   357 | D:4      | Noticed an ogre
   421 | D:5      | Reached skill level 1 in Spellcasting
   421 | D:5      | Reached XP level 3. HP: 14/19 MP: 3/5
   424 | D:5      | Learned a level 2 spell: Passwall
   485 | D:5      | Noticed an ogre
   489 | D:5      | Learned a level 1 spell: Sandblast
   587 | D:4      | Reached skill level 8 in Stealth
   652 | D:6      | Noticed Maggie
   657 | D:6      | Killed Maggie
   658 | D:6      | Reached skill level 9 in Stealth
   658 | D:6      | Reached XP level 4. HP: 7/23 MP: 6/6
   658 | D:6      | Reached XP level 5. HP: 8/27 MP: 7/7
   658 | D:6      | Reached XP level 6. HP: 10/32 MP: 8/8
   677 | D:6      | Found Vyif's Distillery.
   678 | D:6      | Noticed a water moccasin
   699 | D:6      | Found a stormy altar of Qazlal.
   702 | D:6      | Killed a water moccasin
   713 | D:6      | Found a staircase to the Ecumenical Temple.
   724 | Temple   | Entered the Ecumenical Temple
   729 | Temple   | Became a worshipper of Cheibriados the Contemplative
   841 | D:6      | Noticed a wyvern
   920 | D:8      | Found a flagged portal.
   977 | D:8      | Learned a level 4 spell: Petrify
   978 | Bailey   | Entered a bailey
  1066 | Bailey   | Reached XP level 7. HP: 28/35 MP: 10/10
  1126 | D:8      | Found a bloodstained altar of Trog.
  1138 | D:8      | Reached skill level 5 in Short Blades
  1138 | D:8      | Reached skill level 1 in Throwing
  1227 | D:6      | Found Kueres Wisko's Book Boutique.
  1231 | D:6      | Noticed Sigmund
  1271 | D:5      | Reached skill level 5 in Transmutations
  1350 | D:6      | Noticed Eustachio
  1397 | D:7      | Reached skill level 10 in Stealth
  1482 | D:9      | Learned a level 3 spell: Stone Arrow
  1487 | D:9      | Noticed Maurice
  1527 | D:9      | Killed Maurice
  1528 | D:9      | Reached XP level 8. HP: 15/39 MP: 12/12
  1530 | D:9      | Reached skill level 1 in Conjurations
  1570 | D:9      | Noticed a boulder beetle
  1579 | D:10     | Entered Level 10 of the Dungeon
  1624 | D:10     | Noticed a two-headed ogre
  1643 | D:10     | Killed a two-headed ogre
  1644 | D:10     | Reached skill level 11 in Stealth
  1644 | D:10     | Reached skill level 5 in Earth Magic
  1644 | D:10     | Reached XP level 9. HP: 29/43 MP: 13/13
  1680 | D:10     | Noticed a two-headed ogre
  1682 | D:10     | Found a sparkling altar of Nemelex Xobeh.
  1785 | D:10     | Mangled by a wight

Illustrated notes

Levels and vault maps discovered:
D:2:      layout_basic
D:3:      layout_loops_ring, ebering_ghost_sewer_d, uniq_ijyb,
          uniq_crazy_yiuf_cottage
D:4:      layout_loops_ring, nicolae_specific_store, grunt_decor_arrowhead,
          chequers_decorated_corner, uniq_pikel
D:5:      layout_loops_ring, elyvilon_altar_1
D:6:      layout_basic, lemuel_mausoleum_altar_kikubaaqudgha,
          grunt_qazlal_sundering, kennysheep_mini,
          minmay_temple_entry_offerings, serial_glass, glass_columns_a,
          glass_columns_a, serial_shops, shop, shop, nicolae_shop_waterfront,
          corner_web_ring, uniq_sigmund, uniq_eustachio, uniq_maggie
D:7:      black_bear_nest_1, layout_rooms
D:8:      minmay_the_grid_triangle_9x9_recursive_2
          [minmay_the_grid_triangle_9x9_prize_top_heavy,
          minmay_the_grid_triangle_9x9_tough_junction,
          minmay_the_grid_triangle_9x9_stretched_checkered,
          minmay_the_grid_triangle_9x9_dagger], layout_basic,
          old_standard_altar, trog_butcher_becter, amcnicky_altar_gilded,
          enter_bailey_4
D:9:      layout_big_octagon, nicolae_overflow_crystal_walls, lair_entry_dummy,
          uniq_maurice
D:10:     layout_loops_ring, lemuel_tele_altar, serial_shops,
          nicolae_shop_behind_doors, uniq_sonja
Temple:   cyrus_circular_temple

Skill      XL: |  1  2  3  4  5  6  7  8 |
---------------+-------------------------+-----
Short Blades   | 3 4 5 |  5.2
Spellcasting   | 1 2 |  2.0
Stealth        | 9 10 11 | 11.9
Transmutations | 3 4 5 6 |  6.0
Earth Magic    | 2 5 |  5.1
Dodging        | 3 4 6 |  6.0
Throwing       | 1 |  1.6
Conjurations   | 2 |  2.0
Armour         | 2 |  2.0
Fighting       | |  2.4

Action                   |  1- 3 |  4- 6 |  7- 9 || total
-------------------------+-------+-------+-------++-------
Melee: Short sword       |    10 |       |       ||    10
       Dagger            |    17 |    96 |    18 ||   131
       War axe           |       |       |    20 ||    20
Throw: Boomerang         |       |       |    13 ||    13
Evoke: Wand              |     2 |     7 |    18 ||    27
  Use: Scroll            |     3 |     1 |     4 ||     8
       Potion            |     3 |     1 |     3 ||     7
 Stab: Sleeping          |     9 |     3 |     6 ||    18
Armor: Robe              |     2 |    16 |     3 ||    21
       Swamp dragon scal |       |       |     1 ||     1
Dodge: Dodged            |    24 |   105 |    68 ||   197

Table legend: (Time is in decaauts)
 A = Elapsed time spent in this place.
 B = Non-inter-level travel time spent in this place.
 C = Inter-level travel time spent in this place.
 D = Time resting spent in this place.
 E = Time spent auto-exploring this place.
 F = Levels seen in this place.
 G = Mean time per level.
                   A        B        C        D        E       F      G
               +--------+--------+--------+--------+--------+-----+--------+
         Total |   1491 |   1491 |      0 |      0 |      0 |  11 |  135.5 |
       Dungeon |   1218 |   1218 |      0 |      0 |      0 |   9 |  135.3 |
        Temple |    160 |    160 |      0 |      0 |      0 |   1 |  160.0 |
        Bailey |    111 |    111 |      0 |      0 |      0 |   1 |  111.0 |
               +--------+--------+--------+--------+--------+-----+--------+

Top non-repeatable levels by time:
    D:10: 195 daAuts
     D:5: 194 daAuts
     D:8: 190 daAuts
     D:6: 173 daAuts
  Temple: 160 daAuts
     D:4: 156 daAuts
  Bailey: 111 daAuts
     D:9: 104 daAuts
     D:7: 102 daAuts
     D:3: 71 daAuts
     D:2: 30 daAuts
